 Dungeon Crawl Stone Soup version 0.21.1-1-g345015f (webtiles) character file.

100 Fang the Skirmisher (level 4, 0/43 HPs)
             Began as a Gargoyle Berserker on May 11, 2018.
             Was a Believer of Trog.
             Killed by divine providence
             ... invoked by an orc priest
              (16 damage)
             ... on level 3 of the Dungeon.
             The game lasted 00:02:03 (1579 turns).

Fang the Skirmisher (Gargoyle Berserker)            Turns: 1579, Time: 00:02:04

Health: 0/43       AC:  7    Str: 27    XL:     4   Next: 74%
Magic:  4/4        EV: 12    Int:  7    God:    Trog [**....]
Gold:   72         SH:  0    Dex:  9    Spells: 3/3 levels left

rFire    . . .     SeeInvis .   a - +0 hand axe
rCold    . . .     Gourm    .   (no shield)
rNeg     + + .     Faith    .   b - +0 animal skin
rPois    ∞         Spirit   .   (no helmet)
rElec    +         Reflect  .   (no cloak)
rCorr    .         Harm     .   g - +1 pair of gloves
MR       .....                  (no boots)
Stlth    ..........             (no amulet)
HPRegen  0.14/turn              d - ring of wizardry
MPRegen  0.09/turn              j - ring of positive energy

@: berserking, starving, very quick
A: negative energy resistance 1, electricity resistance, unbreathing,
petrification resistance, rot immunity, AC +3
a: Berserk, Trog's Hand, Burn Spellbooks, Renounce Religion


You were on level 3 of the Dungeon.
You worshipped Trog.
Trog was pleased with you.
You were starving.

You visited 1 branch of the dungeon, and saw 3 of its levels.

You collected 72 gold pieces.

Inventory:

Hand Weapons
 a - a +0 hand axe (weapon)
Missiles
 l - 3 poisoned javelins (quivered)
Armour
 b - a +0 animal skin (worn)
 g - a +1 pair of gloves (worn)
Jewellery
 d - a ring of wizardry (left hand)
 j - a ring of positive energy (right hand)
Scrolls
 e - a scroll of teleportation {unknown}
 f - a scroll of identify {unknown}
 i - a scroll of amnesia {unknown}
Potions
 h - a potion of heal wounds {unknown}
Comestibles
 c - 2 rations


   Skills:
 + Level 4.1 Fighting
 + Level 3.8 Axes
 + Level 2.3 Armour
 + Level 2.2 Dodging
 + Level 0.7 Stealth


You had 3 spell levels left.
You didn't know any spells.

Dungeon Overview and Level Annotations

Branches:
Dungeon (3/15)

Altars:
Nemelex Xobeh


Innate Abilities, Weirdness & Mutations

You are resistant to torment.
Your stone body is resilient. (AC +3)
You are immune to poison.
You resist negative energy. (rN+)
You are resistant to electric shocks. (rElec)
You can survive without breathing.
You are immune to petrification.
You are immune to rotting.


Message History

The orc priest invokes the aid of Beogh against you.
Beogh smites you!
There is a stone staircase leading up here.
A red film seems to cover your vision as you go berserk!
You feel yourself moving faster!
You feel mighty!
You are starving!
The orc hits you with a trident.
The orc priest begins to cast a cantrip, but forgets the words!
The orc wizard hits you but does no damage.
You are too injured to fight recklessly!
You are too injured to fight recklessly!
You are too injured to fight recklessly!
You are too injured to fight recklessly!
You feel a strong urge to attack something.
You slash the orc wizard!
The orc wizard is heavily wounded.
You closely miss the orc.
The orc priest calls down the wrath of Beogh upon you.
Beogh smites you!
You die...

#..# #..#
#..# #..#
#..# #..#
#†.# #
#o###.#### #
#@<.......
#.##o.##o####
#..)(..#
####...#
#....o...
#..##....
#.o# ..##
#... .# .#...
.


You could see an orc priest, 2 orc wizards and an orc.

Vanquished Creatures
  An orc wizard (D:3)
  An adder (D:2)
  An ooze (D:1)
  A worm (D:2)
  2 dart slugs
  3 leopard geckos
  4 orcs
  A ball python (D:3)
  A giant cockroach (D:2)
  2 goblins
  5 hobgoblins
  4 jackals (D:2)
  5 kobolds
  4 bats
  3 frilled lizards
  4 rats
42 creatures vanquished.

Notes
Turn   | Place    | Note
-------+----------+-------------------------------------------
     0 | D:1      | Fang the Gargoyle Berserker began the quest for the Orb.
     0 | D:1      | Reached XP level 1. HP: 14/14 MP: 1/1
   128 | D:1      | Reached XP level 2. HP: 11/19 MP: 2/2
   784 | D:2      | Reached XP level 3. HP: 24/24 MP: 3/3
  1034 | D:2      | Found a sparkling altar of Nemelex Xobeh.
  1143 | D:2      | Reached ** piety under Trog
  1185 | D:2      | Reached skill level 4 in Fighting
  1204 | D:2      | Reached XP level 4. HP: 29/29 MP: 4/4
  1579 | D:3      | Killed from afar by an orc priest

Skill      XL: |  1  2  3 |
---------------+----------+-----
Axes           | 3 |  3.8
Dodging        | 2 |  2.2
Fighting       | 4 |  4.1
Armour         | |  2.3
Stealth        | |  0.7

Action                   |  1- 3 |  4- 6 || total
-------------------------+-------+-------++-------
Melee: Hand axe          |    95 |    24 ||   119
Invok: Berserk           |       |     2 ||     2
  Eat: Chunk             |       |     2 ||     2
Armor: Animal skin       |    36 |     6 ||    42
Dodge: Dodged            |    58 |    17 ||    75
